 Dungeon Crawl Stone Soup version 0.24.0-1-gfbc8707122 (webtiles) character file.

Game seed: 1131818435293124474, levelgen mode: deterministic

38022 Mrkan the Nimble (level 14, -2/166 HPs)
             Began as a Gnoll Monk on Oct 26, 2019.
             Was the Champion of Ashenzari.
             Killed by divine providence
             ... invoked by a meliai
              (12 damage)
             ... on level 12 of the Dungeon.
             The game lasted 00:44:41 (19596 turns).

Mrkan the Nimble (Gnoll Monk)                      Turns: 19596, Time: 00:44:42

Health: -2/166     AC: 27    Str: 22    XL:     14   Next: 0%
Magic:  26/26      EV:  2    Int: 13    God:    Ashenzari [******]
Gold:   1003       SH: 16    Dex: 19    Spells: 30/30 levels left

rFire    . . .     SeeInvis +   r - +5 morningstar (crush) (curse)
rCold    . . .     Gourm    .   f - +3 shield (curse)
rNeg     + + +     Faith    +   (armour currently unavailable)
rPois    +         Spirit   .   (helmet currently unavailable)
rElec    +         Reflect  .   (cloak currently unavailable)
rCorr    +         Harm     .   (gloves currently unavailable)
MR       ++...     Clarity  +   (boots currently unavailable) Stlth ++++++....NoTele +
                                F - amulet of Light {Faith *Corrode rElec Str+5 Stlth+} (curse)
HPRegen  0.37/turn              W - ring of protection from magic (curse)
MPRegen  0.20/turn              u - ring of resist corrosion (curse)

@: tree-form (expiring)
A: distributed training, strong nose
a: Curse Item, Scrying, Renounce Religion


You were on level 12 of the Dungeon.
You worshipped Ashenzari.
Ashenzari was exalted by your worship.
You were not hungry.
You were a tree.
You visited 2 branches of the dungeon, and saw 18 of its levels.

You collected 1069 gold pieces.
You spent 66 gold pieces at shops.

Inventory:

Hand Weapons
 b - the +2 long sword "Cataczokh" {slice, Str+9}
   (You found it on level 6 of the Lair of Beasts)

   It inflicts extra damage upon your enemies.
   It affects your strength (+9).
 r - a cursed +5 morningstar of crushing (weapon)
 V - the +7 hunting sling of the Forest {flame, rElec}
   (You found it on level 3 of the Lair of Beasts)

   It causes projectiles fired from it to burn those they strike, causing extra
   injury to most foes and up to half again as much damage against particularly
   susceptible opponents.
   It insulates you from electricity.
Missiles
 M - 5 curare-tipped darts (quivered)
Armour
 f - a cursed +3 shield (worn)
 h - a cursed scarf of resistance (melded)
 m - a cursed +2 helmet (melded)
 N - the cursed +2 chain mail of the Shoals (melded) {rPois Dex+4}
   (You found it on level 10 of the Dungeon)

   It affects your dexterity (+4).
   It protects you from poison.
   It has a curse placed upon it.
 U - a cursed +2 pair of gloves (melded)
Jewellery
 a - an uncursed ring of poison resistance
 u - a cursed ring of resist corrosion (right branch)
 F - the cursed amulet of Light (around neck) {Faith *Corrode rElec Str+5 Stlth+}
   (You acquired it on level 5 of the Lair of Beasts)

   [amulet of faith]

   It allows you to gain divine favour quickly.
   It affects your strength (+5).
   It insulates you from electricity.
   It may corrode you when you take damage.
   It makes you more stealthy.
   It has a curse placed upon it.
 H - an uncursed amulet of the acrobat
 T - an uncursed ring of ice
 W - a cursed ring of protection from magic (left branch)
 Z - an uncursed ring of protection from magic
Wands
 n - a wand of polymorph (6)
 o - a wand of flame (45)
 G - a wand of clouds (5)
 I - a wand of random effects (9)
 J - a wand of iceblast (2)
 K - a wand of disintegration (18)
 R - a wand of scattershot (5)
 Y - a wand of paralysis (26)
Scrolls
 d - 4 scrolls of fear
 e - a scroll of torment
 g - 5 scrolls of remove curse
 k - 8 scrolls of teleportation
 p - a scroll of random uselessness
 v - a scroll of enchant armour
 x - a scroll of silence
 y - 3 scrolls of amnesia
 A - 2 scrolls of magic mapping
 B - 4 scrolls of fog
 D - 3 scrolls of immolation
 P - 2 scrolls of summoning
 X - 3 scrolls of identify
Potions
 j - 5 potions of curing
 l - 3 potions of might
 q - a potion of brilliance
 s - a potion of invisibility
 t - 5 potions of magic
 w - 3 potions of flight
 z - 2 potions of cancellation
 C - 3 potions of lignification
 E - 3 potions of degeneration
 L - a potion of mutation
 O - a potion of berserk rage
 Q - a potion of haste
Comestibles
 c - 22 rations
 S - a chunk of flesh


   Skills:
 + Level 10.7 Fighting
 + Level 8.6 Short Blades
 + Level 8.6 Long Blades
 + Level 8.6 Axes
 + Level 8.6(13.0) Maces & Flails
 + Level 10.7 Polearms
 + Level 8.6 Staves
 + Level 8.6 Slings
 + Level 8.6 Bows
 + Level 8.6 Crossbows
 + Level 8.6 Throwing
 + Level 8.6(13.0) Armour
 + Level 10.7 Dodging
 + Level 9.6 Stealth
 + Level 8.6(11.6) Shields
 + Level 8.6 Unarmed Combat
 + Level 8.6 Spellcasting
 + Level 7.2(11.7) Conjurations
 + Level 7.2(11.7) Hexes
 + Level 7.2(11.7) Charms
 + Level 7.2(11.7) Summonings
 + Level 7.2(11.7) Necromancy
 + Level 7.2(11.7) Translocations
 + Level 7.2(11.7) Transmutations
 + Level 7.2(11.7) Fire Magic
 + Level 7.2(11.7) Ice Magic
 + Level 7.2(11.7) Air Magic
 + Level 7.2(11.7) Earth Magic
 + Level 7.2(11.7) Poison Magic
 + Level 9.4 Invocations
 + Level 8.6(13.0) Evocations


You had 30 spell levels left.
You didn't know any spells.
Your spell library contained the following spells:

 Spells                   Type           Power        Failure   Level  Hunger
 Corona                   Hex            #####..      1%          1    None
 Flame Tongue             Conj/Fire      #####        1%          1    None
 Sandblast                Erth           #####.       1%          1    None
 Ensorcelled Hibernation  Hex/Ice        #####.       1%          2    None
 Passwall                 Tmut/Erth      #####...     1%          2    None
 Slow                     Hex            #####...     1%          2    None
 Throw Flame              Conj/Fire      #####.       1%          2    None
 Confuse                  Hex            #####...     1%          3    ##.....
 Conjure Flame            Conj/Fire      #####...     1%          3    ##.....
 Dazzling Spray           Conj/Hex       #####.       1%          3    ##.....
 Inner Flame              Hex/Fire       #####...     1%          3    ##.....
 Portal Projectile        Hex/Tloc       #####.       1%          3    ##.....
 Stone Arrow              Conj/Erth      #####.       1%          3    ##.....
 Tukima's Dance           Hex            #####...     1%          3    ##.....
 Cause Fear               Hex            #####.....   1%          4    ####...
 Leda's Liquefaction      Hex/Erth       #####.....   1%          4    ####...
 Petrify                  Tmut/Erth      #####...     1%          4    ####...
 Sticky Flame             Conj/Fire      #####...     1%          4    ####...
 Fireball                 Conj/Fire      #####.....   4%          5    #####..
 Lee's Rapid Deconstruct  Erth           #####.....   4%          5    #####..


Dungeon Overview and Level Annotations

Branches:
Dungeon (12/15)            Temple (0/1) D:5            Lair (6/6) D:9
 Shoals (0/4) Lair:2       Spider (0/4) Lair:4        Slime (0/5) Lair:5
    Orc: D:9-12

Altars:
Ashenzari
Cheibriados
Gozag
Kikubaaqudgha
Makhleb
Nemelex Xobeh
Ru
Wu Jian
The Shining One
Jiyva

Shops:
D:4 ?   D:7 [

Annotations:
D:10 exclusion: obsidian statue
Lair:2 1 runed translucent door, Huxoxzufuz's ghost, journeyman GnFi


Innate Abilities, Weirdness & Mutations

Your experience applies equally to all skills.
((You have very sharp teeth.))
Your uncanny sense of smell can sniff out nearby items.


Message History

You hear a screech!
You closely miss the killer bee.
The killer bee is almost dead.
The killer bee stings you but does no damage.
You block the killer bee's attack.
You miss the killer bee.
The killer bee is almost dead.
You block the killer bee's attack.
The killer bee stings you but does no damage.
You bludgeon the killer bee!!
You kill the killer bee!
The meliai invokes the aid of its god against you.
Something smites you!
* * * LOW HITPOINT WARNING * * *
You block the killer bee's attack.
You hear an angry buzzing noise.
You feel better. You block the killer bee's attack.
The meliai mumbles some strange prayers to its god against you.
Something smites you!
You die...

≈P♣♣♣♣
≈≈♣♣≈♣♣##
########
≈≈≈..†..#
#......#
.≈PP♣♣♣.##
#......#
≈≈♣♣♣
♣..###......#
≈P♣
##...'......#
≈♣♣
#####......#
≈.* #......#
.≈ #####♣##
.# #y# ##y# *
* #yy# , * *
*#y## * ,,, ,
,


yy., { * , , * *,∆{y.{{{ ∆* ,, *,{..y%{.,, ,,, * , .......%.,* You could see 2
meliai and 7 killer bees.

Vanquished Creatures
  6 hydras
  Fannar (Lair:1)
  A catoblepas (Lair:6)
  A deep troll shaman (Lair:6)
  3 death yaks (Lair:6)
  A wolf spider (Lair:4)
  2 ugly things
  9 elephants (Lair:6)
  6 black mambas
  Psyche (D:11)
  2 torpor snails (Lair:5)
  4 spiny frogs
  4 komodo dragons
  A rime drake (Lair:6)
  A troll (D:11)
  A meliai (D:12)
  A queen bee (D:12)
  A jumping spider (Lair:4)
  Prince Ribbit (D:8)
  A snapping turtle (Lair:2)
  13 blink frogs
  9 hippogriffs
  A spriggan (D:8)
  32 yaks
  3 wyverns
  2 basilisks
  A hungry ghost (D:10)
  Edmund (D:4)
  4 vampire mosquitoes (D:12)
  9 porcupines
  6 water moccasins
  3 orc warriors
  2 black bears
  3 sky beasts
  A phantom (D:7)
  3 ice beasts
  5 ogres
  10 centaurs
  9 crocodiles
  18 wolves
  3 big kobolds
  11 bullfrogs
  Blork the orc (D:5)
  A scorpion (D:5)
  12 killer bees (D:12)
  6 wights
  A howler monkey (D:9)
  2 electric eels
  2 crimson imps
  A centaur zombie (D:7)
  6 hounds
  A bullfrog zombie (D:9)
  4 jellies
  6 orc wizards
  6 orc priests
  A centaur skeleton (D:7)
  5 iguanas
  3 bullfrog skeletons
  7 worker ants
  2 hound skeletons
  3 hound zombies
  A howler monkey zombie (D:8)
  A worker ant zombie (D:6)
  Robin (D:3)
  3 gnolls (D:3)
  10 adders
  A shadow imp (D:8)
  An ooze (D:3)
  4 worms (D:2)
  A dart slug (D:5)
  6 leopard geckos
  40 orcs
  3 ball pythons
  10 bats
  2 giant cockroaches
  14 goblins
  10 hobgoblins
  9 jackals
  7 quokkas
  4 frilled lizards
  2 jackal skeletons
  22 kobolds
  A quokka zombie (D:5)
  5 rats
  5 fungi
430 creatures vanquished.

Vanquished Creatures (others)
  2 orc wizards (D:9)
  An orc (D:9)
  3 fungi
  15 plants
  A withered plant (Lair:2)
22 creatures vanquished.

Grand Total: 452 creatures vanquished

Notes
Turn   | Place    | Note
-------+----------+-------------------------------------------
     0 | D:1      | Mrkan the Gnoll Monk began the quest for the Orb.
     0 | D:1      | Reached XP level 1. HP: 23/23 MP: 1/1
   172 | D:1      | Reached XP level 2. HP: 27/29 MP: 2/2
   656 | D:2      | Reached XP level 3. HP: 35/35 MP: 3/3
   874 | D:2      | Reached skill level 1 in Invocations
   965 | D:2      | Found a faded altar of an unknown god.
  1183 | D:2      | Reached skill level 1 in Short Blades
  1183 | D:2      | Reached skill level 1 in Long Blades
  1183 | D:2      | Reached skill level 1 in Axes
  1183 | D:2      | Reached skill level 1 in Maces & Flails
  1183 | D:2      | Reached skill level 1 in Staves
  1183 | D:2      | Reached skill level 1 in Slings
  1183 | D:2      | Reached skill level 1 in Bows
  1183 | D:2      | Reached skill level 1 in Crossbows
  1183 | D:2      | Reached skill level 1 in Throwing
  1183 | D:2      | Reached skill level 1 in Armour
  1183 | D:2      | Reached skill level 1 in Shields
  1183 | D:2      | Reached skill level 1 in Unarmed Combat
  1183 | D:2      | Reached skill level 1 in Spellcasting
  1183 | D:2      | Reached skill level 1 in Evocations
  1247 | D:2      | Reached XP level 4. HP: 41/41 MP: 5/5
  1685 | D:3      | Found a sparkling altar of Nemelex Xobeh.
  1686 | D:3      | Found a snail-covered altar of Cheibriados.
  1688 | D:3      | Found a shattered altar of Ashenzari.
  1696 | D:3      | Became a worshipper of Ashenzari the Shackled
  1696 | D:3      | Reached * piety under Ashenzari
  1696 | D:3      | Reached ** piety under Ashenzari
  1747 | D:3      | Noticed Robin
  1752 | D:3      | Reached skill level 1 in Conjurations
  1752 | D:3      | Reached skill level 1 in Hexes
  1752 | D:3      | Reached skill level 1 in Charms
  1752 | D:3      | Reached skill level 1 in Summonings
  1752 | D:3      | Reached skill level 1 in Necromancy
  1752 | D:3      | Reached skill level 1 in Translocations
  1752 | D:3      | Reached skill level 1 in Transmutations
  1752 | D:3      | Reached skill level 1 in Fire Magic
  1752 | D:3      | Reached skill level 1 in Ice Magic
  1752 | D:3      | Reached skill level 1 in Air Magic
  1752 | D:3      | Reached skill level 1 in Earth Magic
  1752 | D:3      | Reached skill level 1 in Poison Magic
  1774 | D:3      | Killed Robin
  1997 | D:3      | Found a glowing golden altar of the Shining One.
  2035 | D:3      | Reached XP level 5. HP: 45/47 MP: 6/6
  2871 | D:4      | Noticed Edmund
  2923 | D:4      | Killed Edmund
  2923 | D:4      | Reached XP level 6. HP: 36/53 MP: 8/8
  3477 | D:4      | Found Vaoxkiw's Magic Scroll Emporium.
  3480 | D:4      | Bought a scroll of remove curse for 33 gold pieces
  3480 | D:4      | Bought a scroll of remove curse for 33 gold pieces
  3681 | D:5      | Entered Level 5 of the Dungeon
  3681 | D:5      | Found a staircase to the Ecumenical Temple.
  3700 | D:5      | Noticed Blork the orc
  3709 | D:5      | Killed Blork the orc
  3709 | D:5      | Reached XP level 7. HP: 35/59 MP: 10/10
  3734 | D:5      | Found a sacrificial altar of Ru.
  3889 | D:5      | Found a burning altar of Makhleb.
  3980 | D:5      | Reached *** piety under Ashenzari
  4184 | D:5      | Reached skill level 5 in Stealth
  4921 | D:6      | Reached XP level 8. HP: 59/67 MP: 12/12
  5904 | D:7      | Found Huraoleun's Armour Emporium.
  6141 | D:7      | Reached XP level 9. HP: 39/72 MP: 14/14
  6481 | D:8      | Reached **** piety under Ashenzari
  6685 | D:8      | Found an opulent altar of Gozag.
  7042 | D:8      | Noticed Prince Ribbit
  7185 | D:8      | Killed Prince Ribbit
  7827 | D:9      | Reached skill level 5 in Invocations
  7890 | D:9      | Reached XP level 10. HP: 40/80 MP: 17/17
  8268 | D:9      | Found an ornate altar of the Wu Jian Council.
  8821 | D:9      | Reached skill level 5 in Short Blades
  8821 | D:9      | Reached skill level 5 in Long Blades
  8821 | D:9      | Reached skill level 5 in Axes
  8821 | D:9      | Reached skill level 5 in Maces & Flails
  8821 | D:9      | Reached skill level 5 in Staves
  8821 | D:9      | Reached skill level 5 in Slings
  8821 | D:9      | Reached skill level 5 in Bows
  8821 | D:9      | Reached skill level 5 in Crossbows
  8821 | D:9      | Reached skill level 5 in Throwing
  8821 | D:9      | Reached skill level 5 in Armour
  8821 | D:9      | Reached skill level 5 in Shields
  8821 | D:9      | Reached skill level 5 in Unarmed Combat
  8821 | D:9      | Reached skill level 5 in Spellcasting
  8821 | D:9      | Reached skill level 5 in Evocations
  9062 | D:9      | Found a staircase to the Lair.
  9531 | D:10     | Entered Level 10 of the Dungeon
  9727 | D:10     | Noticed a green ugly thing
  9754 | D:10     | Killed a green ugly thing
 10101 | D:10     | Noticed an obsidian statue
 10102 | D:10     | Identified the +9 long sword "Pimunt" {pain, rF++ Dex+2}
 10103 | D:10     | Noticed a rust devil
 10105 | D:10     | Got the uncursed chain mail of the Shoals {rPois Dex+4}
 10313 | D:10     | Identified the +2 chain mail of the Shoals {rPois Dex+4}
                  | (You found it on level 10 of the Dungeon)
 10514 | Lair:1   | Entered Level 1 of the Lair of Beasts
 10730 | Lair:1   | Noticed a black mamba
 10739 | Lair:1   | Killed a black mamba
 10938 | Lair:1   | Noticed a four-headed hydra
 10978 | Lair:1   | Killed a four-headed hydra
 10978 | Lair:1   | Reached XP level 11. HP: 32/87 MP: 19/19
 11765 | Lair:1   | Reached skill level 5 in Conjurations
 11765 | Lair:1   | Reached skill level 5 in Hexes
 11765 | Lair:1   | Reached skill level 5 in Charms
 11765 | Lair:1   | Reached skill level 5 in Summonings
 11765 | Lair:1   | Reached skill level 5 in Necromancy
 11765 | Lair:1   | Reached skill level 5 in Translocations
 11765 | Lair:1   | Reached skill level 5 in Transmutations
 11765 | Lair:1   | Reached skill level 5 in Fire Magic
 11765 | Lair:1   | Reached skill level 5 in Ice Magic
 11765 | Lair:1   | Reached skill level 5 in Air Magic
 11765 | Lair:1   | Reached skill level 5 in Earth Magic
 11765 | Lair:1   | Reached skill level 5 in Poison Magic
 12075 | Lair:1   | Noticed Fannar
 12108 | Lair:1   | Killed Fannar
 12194 | Lair:1   | Reached ***** piety under Ashenzari
 13383 | Lair:2   | Found a staircase to the Shoals.
 13518 | Lair:2   | Found a runed translucent door.
 13518 | Lair:2   | Noticed Huxoxzufuz's ghost (journeyman GnFi)
 13712 | Lair:3   | Noticed a six-headed hydra
 13729 | Lair:3   | Killed a six-headed hydra
 14403 | Lair:3   | Noticed a six-headed hydra
 14413 | Lair:3   | Killed a six-headed hydra
 14413 | Lair:3   | Reached XP level 12. HP: 83/96 MP: 22/22
 14948 | Lair:3   | Identified the +7 hunting sling of the Forest {flame,
                  | rElec}
 15508 | Lair:4   | Identified the cursed +0 leather armour of Uhifef {+Fly
                  | Str+5 Dex+2}
 15809 | Lair:4   | Found a hole to the Spider Nest.
 15979 | Lair:5   | Noticed a six-headed hydra
 15986 | Lair:5   | Killed a six-headed hydra
 15988 | Lair:5   | Reached ****** piety under Ashenzari
 16111 | Lair:5   | Found a snail-covered altar of Cheibriados.
 16162 | Lair:5   | Found an ancient bone altar of Kikubaaqudgha.
 16214 | Lair:5   | Reached skill level 10 in Fighting
 16214 | Lair:5   | Reached skill level 10 in Polearms
 16214 | Lair:5   | Reached skill level 10 in Dodging
 16634 | Lair:5   | Found a staircase to the Slime Pits.
 16635 | Lair:5   | Found a viscous altar of Jiyva.
 17056 | Lair:5   | Identified a scroll of acquirement
 17056 | Lair:5   | Identified the cursed amulet of Light {Faith *Corrode rElec
                  | Str+5 Stlth+} (You acquired it on level 5 of the Lair of
                  | Beasts)
 17107 | Lair:6   | Entered Level 6 of the Lair of Beasts
 17118 | Lair:6   | Reached XP level 13. HP: 103/103 MP: 24/24
 17491 | Lair:6   | Identified the +2 long sword "Cataczokh" {slice, Str+9}
 18752 | D:11     | Noticed Psyche
 18762 | D:11     | Killed Psyche
 19590 | D:12     | Reached XP level 14. HP: 23/111 MP: 26/26
 19595 | D:12     | HP: 4/166 [meliai/divine providence (12)]
 19596 | D:12     | Killed from afar by a meliai

Levels and vault maps discovered:
D:1:      lemuel_arrival_tunnels, layout_rooms
D:2:      layout_basic, chequers_ecumenical_altar_simple, serial_glass,
          glass_columns_b, glass_columns_c, minmay_cut_off
D:3:      layout_loops_cross, gammafunk_temple_overflow_forgotten, serial_glass,
          glass_columns_a, glass_columns_b, glass_columns_a, glass_columns_a,
          glass_columns_a, glass_columns_a, glass_columns_b, glass_columns_a,
          glass_columns_b, glass_columns_c, kennysheep_flooded_box, tso_altar,
          uniq_robin
D:4:      layout_basic, serial_shops, kennysheep_mini_moat, uniq_edmund
D:5:      layout_gridville, kennysheep_mini, minmay_temple_entry_purple_smoke,
          first_ration, nicolae_ru_path_of_blood, uniq_blork_the_orc
D:6:      layout_cave_pods
D:7:      layout_rooms, serial_shops, shop
D:8:      layout_layer_cave, kennysheep_little_box, the_bakery,
          uniq_prince_ribbit1
D:9:      layout_small_grid, lemuel_doored_altar, grunt_lair_entry_orc_guard_hut
D:10:     layout_roguey, minmay_protected_statue
D:11:     layout_irregular_city, uniq_psyche
D:12:     layout_roguey [special_room_bee], hiddenorc2_lemuel, serial_bayou,
          serial_bayou_crossing, serial_bayou_lagoon_a, serial_bayou_pond_b,
          serial_bayou_pond_e, st_stairs_5, lemuel_blue_sif_altar
Lair:1:   layout_long_grid, serial_bayou, serial_bayou_shore_b,
          serial_bayou_pond_b, serial_bayou_pond_d, serial_bayou_pond_c,
          minivault_24, grunt_megastairs_3, uniq_fannar
Lair:2:   layout_hall_layers, minmay_shoals_entry_hut, gammafunk_ghost_grave,
          gauntlet_entry_generic
Lair:3:   layout_chaotic_city, lemuel_fruit_tree, grunt_megastairs_1
Lair:4:   layout_big_grid, spider_nest_entry_funnel_web
Lair:5:   layout_regular_city, slime_altar_1, basic_altar,
          kennysheep_snail_temple, infiniplex_staircase_pool_2
Lair:6:   grunt_lair_end_beastmaster, layout_long_grid

Skill      XL: |  1  2  3  4  5  6  7  8  9 10 11 12 13 |
---------------+----------------------------------------+-----
Invocations    | 1 2 3 4 5 6 7 8 9 |  9.4
Short Blades   | 1 2 3 4 5 6 7 8 |  8.6
Long Blades    | 1 2 3 4 5 6 7 8 |  8.6
Axes           | 1 2 3 4 5 6 7 8 |  8.6
Maces & Flails | 1 2 3 4 5 6 7 8 |  8.6
Staves         | 1 2 3 4 5 6 7 8 |  8.6
Slings         | 1 2 3 4 5 6 7 8 |  8.6
Bows           | 1 2 3 4 5 6 7 8 |  8.6
Crossbows      | 1 2 3 4 5 6 7 8 |  8.6
Throwing       | 1 2 3 4 5 6 7 8 |  8.6
Armour         | 1 2 3 4 5 6 7 8 |  8.6
Shields        | 1 2 3 4 5 6 7 8 |  8.6
Unarmed Combat | 1 2 3 4 5 6 7 8 |  8.6
Spellcasting   | 1 2 3 4 5 6 7 8 |  8.6
Evocations     | 1 2 3 4 5 6 7 8 |  8.6
Conjurations   | 1 2 3 4 5 6 7 |  7.2
Hexes          | 1 2 3 4 5 6 7 |  7.2
Charms         | 1 2 3 4 5 6 7 |  7.2
Summonings     | 1 2 3 4 5 6 7 |  7.2
Necromancy     | 1 2 3 4 5 6 7 |  7.2
Translocations | 1 2 3 4 5 6 7 |  7.2
Transmutations | 1 2 3 4 5 6 7 |  7.2
Fire Magic     | 1 2 3 4 5 6 7 |  7.2
Ice Magic      | 1 2 3 4 5 6 7 |  7.2
Air Magic      | 1 2 3 4 5 6 7 |  7.2
Earth Magic    | 1 2 3 4 5 6 7 |  7.2
Poison Magic   | 1 2 3 4 5 6 7 |  7.2
Fighting       | 7 8 9 10 | 10.7
Polearms       | 7 8 9 10 | 10.7
Dodging        | 7 8 9 10 | 10.7
Stealth        | 5 6 7 8 9 |  9.6

Action                   |  1- 3 |  4- 6 |  7- 9 | 10-12 | 13-15 || total
-------------------------+-------+-------+-------+-------+-------++-------
Melee: Spear             |   125 |   327 |       |       |       ||   452
       Bite              |    11 |    44 |    30 |   121 |    72 ||   278
       Punch             |     1 |     3 |     1 |     6 |       ||    11
       Morningstar       |       |     7 |   270 |   762 |   399 ||  1438
Throw: Dart              |       |       |       |     4 |       ||     4
Invok: Curse Item        |       |     3 |       |     4 |       ||     7
Evoke: Wand              |       |       |       |       |     6 ||     6
  Use: Potion            |       |     3 |     1 |     2 |    11 ||    17
       Scroll            |       |       |       |    23 |     6 ||    29
 Stab: Sleeping          |     3 |     3 |     6 |     3 |     3 ||    18
       Petrifying        |       |       |       |       |     1 ||     1
  Eat: Chunk             |     1 |     8 |    14 |     8 |     3 ||    34
       Ration            |       |       |       |     8 |     1 ||     9
Armor: Scale mail        |    26 |    91 |    95 |    52 |       ||   264
       Chain mail        |       |       |       |   221 |   130 ||   351
       Skin              |       |       |       |       |    19 ||    19
Dodge: Dodged            |    73 |   193 |   207 |   368 |   224 ||  1065
Block: Shield            |       |       |       |   471 |   380 ||   851
